 Dungeon Crawl Stone Soup version 0.27.0-1-g7a089689b8 (webtiles) character file.

Game seed: 8014349721523366911

35 Malachi the Vexing (level 3, 0/28 HPs)
             Began as a Gnoll Arcane Marksman on Aug 16, 2021.
             Was a Follower of Yredelemnul.
             Slain by Pikel (6 damage)
             ... on level 4 of the Dungeon.
             The game lasted 00:06:12 (3021 turns).

Malachi the Vexing (Gnoll Arcane Marksman)          Turns: 3021, Time: 00:06:12

Health: 0/28       AC:  3    Str:  9    XL:     3   Next: 33%
Magic:  7/7        EV: 17    Int: 13    God:    Yredelemnul [*.....]
Gold:   145        SH:  0    Dex: 12    Spells: 6/7 levels left

rFire    . . .     SeeInvis .   k - +3 quarterstaff
rCold    . . .     Faith    .   (shield currently unavailable)
rNeg     . . .     Spirit   .   d - +1 robe
rPois    .         Reflect  .   (no helmet)
rElec    .         Harm     .   (no cloak)
rCorr    .         Rampage  .   (no gloves)
Will     .....                  (no boots)
Stlth    +.........             (no amulet)
HPRegen  0.09/turn              j - +4 ring of evasion
MPRegen  0.10/turn              (no ring)

@: no status effects
A: fangs 1, strong nose, distributed training
a: Renounce Religion, Animate Remains


You were on level 4 of the Dungeon.
You worshipped Yredelemnul.
Yredelemnul was aware of your devotion.
You visited 1 branch of the dungeon, and saw 4 of its levels.

You collected 145 gold pieces.

Inventory:

Hand Weapons
 a - a +0 hand crossbow
 g - a +0 hunting sling
 k - a +3 quarterstaff (weapon)
 l - a +1 trident
Missiles
 c - 49 bolts
 i - 35 sling bullets
 n - 17 poisoned darts (quivered)
Armour
 d - a +1 robe (worn)
 o - a +0 crystal plate armour
Jewellery
 j - a +4 ring of evasion (left hand)
Scrolls
 e - 3 scrolls of identify
 f - 5 scrolls of teleportation
 m - a scroll of enchant weapon
 p - a scroll of magic mapping {unknown}
Potions
 b - a potion of ambrosia {unknown}
 h - 2 potions of curing {unknown}


   Skills:
 + Level 2.6 Fighting
 + Level 0.7 Short Blades
 + Level 0.7 Long Blades
 + Level 0.7 Axes
 + Level 0.7 Maces & Flails
 + Level 0.7 Polearms
 + Level 0.7 Staves
 + Level 0.7 Slings
 + Level 0.7 Bows
 + Level 4.5 Crossbows
 + Level 0.7 Throwing
 + Level 0.7 Armour
 + Level 4.5 Dodging
 + Level 0.7 Stealth
 + Level 0.7 Shields
 + Level 0.7 Unarmed Combat
 + Level 2.8 Spellcasting
 + Level 0.5 Conjurations
 + Level 5.4 Hexes
 + Level 0.5 Summonings
 + Level 0.5 Necromancy
 + Level 0.5 Translocations
 + Level 0.5 Transmutations
 + Level 0.5 Fire Magic
 + Level 0.5 Ice Magic
 + Level 0.5 Air Magic
 + Level 0.5 Earth Magic
 + Level 0.5 Poison Magic
 + Level 0.9 Invocations
 + Level 0.7 Evocations


You had 6 spell levels left.
You knew the following spells:

 Your Spells              Type           Power      Damage    Failure   Level
a - Corona                Hex            16%        N/A       2%          1

Your spell library contained the following spells:

 Spells                   Type           Power      Damage    Failure   Level
 Slow                     Hex            15%        N/A       3%          2
 Inner Flame              Hex/Fire       9%         N/A       21%         3
 Portal Projectile        Hex/Tloc       18%        N/A       21%         3
 Cause Fear               Hex            7%         N/A       26%         4


Dungeon Overview and Level Annotations

Branches:
Dungeon (4/15)             Temple (0/1) D:4

Altars:
Yredelemnul

Annotations:
D:2 Sigmund
D:4 Pikel


Innate Abilities, Weirdness & Mutations

You have very sharp teeth.
Your uncanny sense of smell can sniff out nearby items.
Your experience applies equally to all skills.


Message History

p - a scroll labelled ISIUSE MOOLL You open the door.
There is an open door here.
Found a whip.
You now have 125 gold pieces (gained 13).
You now have 134 gold pieces (gained 9).
You now have 145 gold pieces (gained 11).
There is an open door here.
There is an open door here.
You open the door.
An orc wizard, 2 lemures and Pikel come into view.
Pikel is wielding a +0 whip of freezing and carrying a wand of acid (8).
Pikel shouts!
The lemure shouts!
An orc comes into view. It is wielding a +0 hand axe.
A lemure comes into view.
There are monsters nearby!
A lemure comes into view.
The lemure shouts!
The orc wizard shouts!
You hear a shout!
Pikel zaps a wand.
The bolt of acid misses you.
An orc comes into view. It is wielding a +0 war axe.
There is an open door here.
An orc wizard comes into view. It is wielding a +0 dagger.
The orc wizard shouts!
You closely miss the lemure.
The lemure shouts!
The orc wizard casts a spell at you. The magic dart hits you!
The lemure closely misses you.
You closely miss the lemure.
The orc shouts!
Your bite misses the lemure.
The orc wizard casts a spell.
The orc wizard flickers and vanishes!
Deactivating autopickup; reactivate with Ctrl-A.
Pikel hits you with a +0 whip of freezing.
Pikel freezes you. The lemure hits you!
* * * LOW HITPOINT WARNING * * *
The lemure closely misses you.
Pikel hits you with a +0 whip of freezing.
You die...
Your body rises from the dead as a mindless zombie.

.....# #.#..# #
###.#..# #+## #.
#...#..# #...##
#..#...#..# #.....#
#.........###.......
#.##...#.##55{.o...
#.........@K..5.o..
####...####5..o....
##.## ##....... #.#
#.....# #.# #...##
#.# #+## #.#### #.#
#....# #.# ####.#
##.##


You could see Pikel, 4 lemures, an orc wizard and 2 orcs.

Vanquished Creatures
  An adder (D:4)
  A worm (D:4)
  A dart slug (D:4)
  4 bats
  An endoplasm (D:4)
  A giant cockroach (D:4)
  2 goblins
  2 hobgoblins
  2 quokkas
  2 ball pythons
  2 frilled lizards (D:1)
  A kobold (D:4)
  A rat (D:3)
21 creatures vanquished.

Vanquished Creatures (others)
  A bat zombie (D:2)
  2 plants (D:4)
3 creatures vanquished.

Grand Total: 24 creatures vanquished

Notes
Turn   | Place    | Note
-------+----------+-------------------------------------------
     0 | D:1      | Malachi the Gnoll Arcane Marksman began the quest for the
                  | Orb.
     0 | D:1      | Reached XP level 1. HP: 17/17 MP: 4/4
    39 | D:1      | Found a faded altar of an unknown god.
    65 | D:1      | Became a worshipper of Yredelemnul the Dark
    65 | D:1      | Reached * piety under Yredelemnul
   815 | D:2      | Reached XP level 2. HP: 23/23 MP: 5/5
   869 | D:2      | Noticed Sigmund
  2304 | D:4      | Found a staircase to the Ecumenical Temple.
  2404 | D:4      | Reached XP level 3. HP: 28/28 MP: 7/7
  3016 | D:4      | Noticed Pikel
  3016 | D:4      | Noticed a lemure
  3016 | D:4      | Noticed a lemure
  3016 | D:4      | Noticed a lemure
  3017 | D:4      | Noticed a lemure
  3021 | D:4      | Slain by Pikel

Illustrated notes

Levels and vault maps discovered:
D:1:      pf_arrival_petrified_forest, layout_basic, basic_ecumenical_altar,
          solitary_fountain
D:2:      layout_basic, uniq_sigmund, uniq_crazy_yiuf_cottage
D:3:      layout_loops_ring, kennysheep_cross_room
D:4:      layout_loops_corners, minmay_temple_entry_gardened_gates, uniq_pikel

Action                   || total
-------------------------++-------
Melee: Spear             ||    11
       Trident           ||    50
       Quarterstaff      ||    13
       Bite              ||     3
 Fire: Hand crossbow     ||     2
Invok: Animate Remains   ||     1
  Use: Scroll            ||     5
       Potion            ||     2
 Stab: Sleeping          ||     3
Armor: Robe              ||    11
Dodge: Dodged            ||    57
